 Dungeon Crawl Stone Soup version 0.17-a0-1793-gcbb3aa1 (webtiles) character file.

410 Leibowitz the Skirmisher (level 6, -3/49 HPs)
             Began as a Demonspawn Berserker on Sept 10, 2015.
             Was a Priest of Trog.
             Slain by an iguana (11 damage)
             ... on level 4 of the Dungeon.
             The game lasted 00:08:45 (3370 turns).

Leibowitz the Skirmisher (Demonspawn Berserker)     Turns: 3370, Time: 00:08:45

Health: -3/49      AC:  9    Str: 20    XL:     6   Next: 58%
Magic:  6/6        EV: 13    Int:  8    God:    Trog [***...]
Gold:   192        SH:  0    Dex: 12    Spells: 0 memorised, 5 levels left

rFire  . . .     SeeInvis .     a - +0 hand axe
rCold  . . .     Clarity  .     u - +0 leather armour
rNeg   + . .     SustAt   .     (no shield)
rPois  .         Gourm    .     e - +0 helmet
rElec  .         Spirit   .     t - +0 cloak (curse)
rCorr  .         Warding  .     s - +0 pair of gloves
rMut   .         Stasis   .     (no boots)
MR     .....                    (no amulet)
Stlth  +.........               (no ring)
                                r - ring of positive energy

@: not resistant to hostile enchantments, very unstealthy
A: talons 1, thin metallic scales 2
a: Burn Spellbooks, Berserk, Trog's Hand, Renounce Religion


You were on level 4 of the Dungeon.
You worshipped Trog.
Trog was most pleased with you.
You were hungry.

You visited 1 branch of the dungeon, and saw 4 of its levels.

You collected 192 gold pieces.

Inventory:

Hand weapons
 a - a +0 hand axe (weapon)
Armour
 e - a +0 helmet (worn)
 s - a +0 pair of gloves (worn)
 t - a cursed +0 cloak (worn)
 u - a +0 leather armour (worn)
Jewellery
 p - an uncursed ring of fire
 r - a ring of positive energy (left hand)
Magical devices
 v - a wand of polymorph (2)
Scrolls
 d - 5 scrolls of identify {unknown}
 l - a scroll of fear {unknown}
 m - 2 scrolls of enchant weapon {unknown}
Potions
 c - a potion of flight {unknown}
 f - a potion of curing {unknown}
 g - a potion of heal wounds
 h - a potion of haste {unknown}
 i - a potion of agility {unknown}
 j - a potion of cure mutation {unknown}
 n - a potion of ambrosia {unknown}
Comestibles
 b - a beef jerky
 k - 3 meat rations
 q - 7 fruits


   Skills:
 + Level 4.4 Fighting
 + Level 4.1 Axes
 + Level 2.0 Armour
 + Level 4.4 Dodging
 + Level 1.2 Stealth


You had 5 spell levels left.
You didn't know any spells.

Dungeon Overview and Level Annotations

Branches:
Dungeon (4/15)
 Temple: D:4-7

Altars:
Fedhas
Nemelex Xobeh


Innate Abilities, Weirdness & Mutations

You have sharp toenails.
You are mostly covered in thin metallic scales (AC +3).


Message History

You closely miss the iguana. Your kick misses the iguana.
The iguana is severely wounded.
The iguana closely misses you.
You hit the iguana. You claw the iguana, but do no damage.
The iguana is severely wounded.
The iguana barely misses you.
You hit the iguana but do no damage.
The iguana is severely wounded.
The iguana bites you!
You hit the iguana but do no damage. Your kick misses the iguana.
The iguana is severely wounded.
The iguana closely misses you.
You barely miss the iguana. Your kick misses the iguana.
The iguana is severely wounded.
The iguana completely misses you. The iguana bites you!
* * * LOW HITPOINT WARNING * * *
You closely miss the iguana.
The iguana is severely wounded.
The iguana bites you!
You die...

. # #.
######. ..
#.....# .#
#.....##..#
#....<@l#
#.....#.#
#.......#
#[......#
#>......#
#<.......
#.........
####...#...


You could see an iguana.

Vanquished Creatures
  Grinder (D:3)
  Crazy Yiuf (D:3)
  Natasha (D:3)
  4 gnolls (D:3)
  Robin (D:3)
  3 adders (D:2)
  2 oozes (D:2)
  An adder skeleton (D:4)
  2 worms (D:2)
  2 giant geckos (D:3)
  3 orcs (D:3)
  2 giant cockroaches (D:3)
  15 goblins
  8 hobgoblins
  3 quokkas (D:3)
  5 bats
  4 giant newts (D:2)
  2 kobolds
  6 rats
66 creatures vanquished.

Notes
Turn   | Place    | Note
--------------------------------------------------------------
     0 | D:1      | Leibowitz the Demonspawn Berserker began the quest for the Orb.
     0 | D:1      | Reached XP level 1. HP: 18/18 MP: 1/1
   581 | D:1      | Gained mutation: You are partially covered in thin metallic scales (AC +2). [demonic ancestry]
   581 | D:1      | Reached XP level 2. HP: 12/24 MP: 2/2
  1167 | D:2      | Reached XP level 3. HP: 18/29 MP: 3/3
  2219 | D:3      | Noticed Robin
  2232 | D:3      | Acquired Trog's second power
  2238 | D:3      | Reached XP level 4. HP: 27/37 MP: 4/4
  2246 | D:3      | Killed Robin
  2422 | D:3      | Found a blossoming altar of Fedhas.
  2561 | D:3      | Noticed Crazy Yiuf
  2566 | D:3      | Killed Crazy Yiuf
  2566 | D:3      | Reached skill level 4 in Fighting
  2566 | D:3      | Reached skill level 1 in Stealth
  2757 | D:3      | Gained mutation: You have sharp toenails. [demonic ancestry]
  2757 | D:3      | Reached XP level 5. HP: 42/42 MP: 5/5
  2873 | D:3      | Noticed Grinder
  2883 | D:3      | Found a sparkling altar of Nemelex Xobeh.
  2932 | D:3      | Paralysed by Grinder for 3 turns
  2943 | D:3      | Killed Grinder
  2943 | D:3      | Gained mutation: You are mostly covered in thin metallic scales (AC +3). [demonic ancestry]
  2943 | D:3      | Reached XP level 6. HP: 49/49 MP: 6/6
  3027 | D:3      | Noticed Natasha
  3046 | D:3      | Killed Natasha
  3370 | D:4      | Slain by an iguana

Vault maps used:
D:1:      roderic_chinese_lattice_arrival
D:3:      nemelex_xobeh_ov_fountains_minmay, kennysheep_another_room,
          fedhas_altar_fruit_tree, uniq_robin, uniq_grinder,
          uniq_crazy_yiuf_cottage, uniq_natasha
D:4:      first_bread, st_stairs_7

Action                   |  1- 3 |  4- 6 || total
-------------------------+-------+-------++-------
Melee: Hand axe          |   117 |   111 ||   228
       Unarmed           |       |     1 ||     1
Invok: Berserk           |     1 |     4 ||     5
  Use: Potion            |     1 |       ||     1
 Stab: Sleeping          |     1 |       ||     1
  Eat: Chunk             |     1 |     7 ||     8
       Bread ration      |     1 |       ||     1
